 Dungeon Crawl Stone Soup version 0.18.1-48-g4cf74bf (webtiles) character file.

50 Joat the Conjurer (level 3, 0/19 HPs)
             Began as a Tengu Conjurer on Sept 7, 2016.
             Slain by a hound (6 damage)
             ... on level 3 of the Dungeon.
             The game lasted 00:07:21 (1515 turns).

Joat the Conjurer (Tengu Conjurer)                  Turns: 1515, Time: 00:07:21

Health: 0/19       AC:  2    Str: 13    XL:     3   Next: 79%
Magic:  6/16       EV: 12    Int: 16    God:
Gold:   85         SH:  0    Dex: 14    Spells: 1 memorised, 5 levels left

rFire  . . .     SeeInvis .     f - -1 whip (curse)
rCold  . . .     Gourm    .     a - +0 robe
rNeg   . . .     Faith    .     (no shield)
rPois  .         Spirit   .     (helmet restricted)
rElec  .         Dismiss  .     (no cloak)
rCorr  .         Reflect  .     (no gloves)
SustAt .         Harm     .     (boots unavailable)
MR     .....                    (no amulet)
Stlth  ++........               q - ring of magical power
                                m - +5 ring of strength

@: not resistant to hostile enchantments, unstealthy
A: beak, talons 3
a: no special abilities


You were on level 3 of the Dungeon.
You were not hungry.

You visited 1 branch of the dungeon, and saw 3 of its levels.

You collected 85 gold pieces.

Inventory:

Hand Weapons
 f - a cursed -1 whip (weapon)
 i - a +0 dagger
Missiles
 e - a throwing net (quivered)
Armour
 a - a +0 robe (worn)
Jewellery
 m - a +5 ring of strength (left hand)
 q - a ring of magical power (right hand)
Scrolls
 k - a scroll of identify {unknown}
 n - a scroll of fear {unknown}
 p - 3 scrolls of enchant armour {unknown}
Potions
 g - a potion of lignification {unknown}
 l - a potion of might {unknown}
 o - a potion of curing {unknown}
Books
 b - a book of Conjurations

   Spells                             Type                      Level
   a - Magic Dart                     Conjuration                  1
   b - Searing Ray                    Conjuration                  2
   c - Dazzling Spray                 Conjuration/Hexes            3
   d - Fulminant Prism                Conjuration/Hexes            4
   e - Iskenderun's Mystic Blast      Conjuration                  4
   f - Iskenderun's Battlesphere      Conjuration/Charms           5
Comestibles
 c - a bread ration
 d - a meat ration
 h - a slice of pizza
 j - a chunk of flesh


   Skills:
 - Level 2.1 Dodging
 - Level 2.0 Stealth
 + Level 2.2 Spellcasting
 * Level 6.8 Conjurations


You had 5 spell levels left.
You knew the following spells:

 Your Spells              Type           Power        Failure   Level  Hunger
a - Magic Dart            Conj           ###.         1%          1    #......


Dungeon Overview and Level Annotations

Branches:
Dungeon (3/15)

Altars:


Innate Abilities, Weirdness & Mutations

You have a beak for a mouth.
You have claws for feet.


Message History

The magic dart hits the hound.
The hound is moderately wounded.
The hound misses you.
Casting: Magic Dart
Confirm with . or Enter, or press ? or * to list all spells.
Aiming: Magic Dart
Press: ? - help, Shift-Dir - straight line, f/p - hound
Aim: a hound (moderately wounded)
The magic dart hits the hound.
The hound is moderately wounded.
The hound barely misses you. The hound misses you.
Casting: Magic Dart
Confirm with . or Enter, or press ? or * to list all spells.
Aiming: Magic Dart
Press: ? - help, Shift-Dir - straight line, f/p - hound
Aim: a hound (moderately wounded)
The magic dart hits the hound.
The hound is heavily wounded.
The hound bites you.
You die...

# ## #+++###
#.#.####.....#
#.#.#........##. .
................
.................
#.##........)...
#........h..#...
#....@.......
############.##.#?......
.............##.#....##+
....########.##.#.......
........................
.....#######..#.####.##.
.##.########..#.# .#
.##........#..#.# .
...<...........


You could see a hound.

Vanquished Creatures
  2 adders (D:2)
  A giant gecko (D:1)
  2 giant cockroaches
  4 goblins
  8 hobgoblins
  A quokka (D:2)
  5 bats
  2 giant newts
  4 kobolds
  A rat (D:1)
30 creatures vanquished.

Notes
Turn   | Place    | Note
--------------------------------------------------------------
     0 | D:1      | Joat the Tengu Conjurer began the quest for the Orb.
     0 | D:1      | Reached XP level 1. HP: 10/10 MP: 4/4
   277 | D:1      | Reached XP level 2. HP: 15/15 MP: 0/6
   404 | D:1      | Reached skill level 6 in Conjurations
   978 | D:2      | Reached XP level 3. HP: 19/19 MP: 4/7
  1515 | D:3      | Slain by a hound

Skill      XL: |  1  2 |
---------------+-------+-----
Conjurations   | 6 |  6.8
Dodging        | |  2.1
Stealth        | |  2.0
Spellcasting   | |  2.2

Action                   || total
-------------------------++-------
Melee: Unarmed           ||    11
       Peck              ||     5
       Kick              ||     4
       Whip              ||     2
Throw: Throwing net      ||     1
 Cast: Magic Dart        ||    68
  Eat: Chunk             ||     3
Armor: Robe              ||     2
Dodge: Dodged            ||    14
